 Dungeon Crawl Stone Soup version 0.28.0-62-gf88900778d (webtiles) character file.

Game seed: 17788014720503326710

840 cbfl8 the Chopper (level 7, -4/54 HPs)
             Began as a Minotaur Fighter on Feb 21, 2024.
             Was a Follower of Hepliaklqana.
             Engulfed by a cloud of flame (18 damage)
             ... on level 5 of the Dungeon on Mar 6, 2024.
             The game lasted 00:05:51 (5680 turns).

cbfl8 the Chopper (Minotaur Fighter)                Turns: 5680, Time: 00:05:52

Health: -4/54      AC:  8    Str: 20    XL:     7   Next: 67%
Magic:  6/6        EV: 24    Int:  5    God:    Hepliaklqana [*.....]
Gold:   234        SH:  5    Dex: 12    Spells: 6/6 levels left

rFire   . . .      SeeInvis +   a - +0 war axe
rCold   . . .      Faith    .   c - +0 buckler
rNeg    . . .      Spirit   .   o - +0 scale mail {rPois}
rPois   +          Reflect  .   (helmet restricted)
rElec   .          Harm     .   p - +0 cloak
rCorr   .          Rampage  .   (no gloves)
Will    .....                   (no boots)
Stlth   ..........              v - amulet of the acrobat
HPRegen 0.18/turn               h - ring of see invisible
MPRegen 0.10/turn               (no ring)

@: acrobatic
A: reduced essence, horns 2, retaliatory headbutt
a: Renounce Religion, Recall Ancestor, Ancestor Identity


You were on level 5 of the Dungeon.
You worshipped Hepliaklqana.
Hepliaklqana was aware of your devotion.
You visited 2 branches of the dungeon, and saw 6 of its levels.

You collected 234 gold pieces.

Inventory:

Hand Weapons
 a - a +0 war axe (weapon)
Armour
 c - a +0 buckler (worn)
 o - a +0 scale mail of poison resistance (worn)
 p - a +0 cloak (worn)
Jewellery
 h - a ring of see invisible (left hand)
 v - an amulet of the acrobat (around neck)
Wands
 q - a wand of iceblast (9) (quivered)
Scrolls
 b - 2 scrolls of blinking {unknown}
 f - a scroll of magic mapping {unknown}
 g - a scroll of immolation {unknown}
 j - a scroll of summoning {unknown}
 k - 2 scrolls of identify {unknown}
 n - a scroll of torment {unknown}
 r - a scroll of enchant armour {unknown}
 t - a scroll of holy word {unknown}
 u - 2 scrolls of noise {unknown}
Potions
 d - 2 potions of might
 e - 4 potions of heal wounds {unknown}
 i - 8 potions of curing
 l - a potion of lignification {unknown}
 m - 2 potions of flight {unknown}
 s - a potion of mutation {unknown}


   Skills:
 + Level 5.0 Fighting
 + Level 7.1 Axes
 + Level 5.9 Armour
 + Level 4.6 Shields
 * Level 3.1 Evocations


You had 6 spell levels left.
You didn't know any spells.
Your spell library contained the following spells:

 Spells                   Type           Power      Damage    Failure   Level
 Freeze                   Ice            0%         1d3       88%         1
 Frozen Ramparts          Ice            0%         1d2       99%         3
 Hailstorm                Conj/Ice       0%         3d3       100%        4
 Conjure Ball Lightning   Conj/Air       0%         3x3d6     100%        6
 Discord                  Hex            0%         N/A       100%        8
 Disjunction              Tloc           0%         N/A       100%        8


Dungeon Overview and Level Annotations

Branches:
Dungeon (5/15)             Temple (1/1) D:4

Altars:
Cheibriados
Dithmenos
Fedhas
Gozag
Hepliaklqana
Kikubaaqudgha
Makhleb
Nemelex Xobeh
Qazlal
Ru
Sif Muna
Uskayaw
Vehumet
Wu Jian
Xom
The Shining One

Shops:
D:4 :


Innate Abilities, Weirdness & Mutations

Your life essence is reduced to manifest your ancestor. (-10% HP)
You have a pair of horns on your head.
You reflexively headbutt those who attack you in melee.


Message History

Key pressed, stopping explore.
No target in view!
There is an open door here.
You open the door.
There is an open door here.
Partly explored, can't reach some items and places.
No target in view!
Partly explored, can't reach some items and places.
No target in view!
Partly explored, can't reach some items and places.
No target in view!
Partly explored, can't reach some items and places.
No target in view!
Partly explored, can't reach some items and places.
You start putting on your amulet.
You continue putting on your amulet of the acrobat. x5
You finish putting on your amulet of the acrobat.
You feel ready to tumble and roll out of harm's way.
v - an amulet of the acrobat (around neck)
Okay, then.
You swap places.
There is an open door here.
You swap places.
As you open the door, it creaks loudly!
Really walk into a travel-excluded area?
Welcome back, cbfl8 the Minotaur Fighter.
Hepliaklqana says: Your past becomes your present!
Press ? for a list of commands and other information.
Really walk into a travel-excluded area?
Really walk into a travel-excluded area?
You now have 234 gold pieces (gained 6).
You are engulfed in blazing flames.
Ouch! That really hurt!
You swap places.
You are engulfed in blazing flames.
* * * LOW HITPOINT WARNING * * *
Valentine is engulfed in blazing flames.
Valentine is engulfed in blazing flames.
Valentine is engulfed in blazing flames.
You are engulfed in blazing flames.
You die...

......[................'.........
#.#...###.#####.....####.........
#...÷.....# ##=#.##...........#
#####.##### #.###..#.##.....##
####.## #..............## #....÷#
#..####.####.'#### #..#..# #..#
#.# #...... #.....# #○○# ##.##
#..#### #...#.# #@○#########..##
# #.....# #####○R§§§#8#§°°...###
##..#.# #....○☼#########....##
###....# #.###..# ##☼## #......
.....### #.# #..# #.# #..####
###### #.# #..####§####..#### #.#
##................
#.#####..########.#### #.......##
#.#


You could see the friendly Valentine the ancestor.

Vanquished Creatures
  Edmund (D:5)
  A water moccasin (D:5)
  A necrophage (D:5)
  A kobold brigand (D:4)
  A scorpion (D:4)
  A wyvern skeleton (D:5)
  2 bullfrog zombies (D:5)
  A hound (D:5)
  A centaur skeleton (D:5)
  An iguana (D:5)
  A hound zombie (D:5)
  4 gnolls (D:5)
  4 adders
  A white imp (D:5)
  2 worms
  9 orcs
  3 endoplasms
  3 giant cockroaches
  12 goblins
  8 hobgoblins
  11 jackals
  7 kobolds
  A quokka (D:2)
  7 ball pythons
  5 bats
  2 frilled lizards
  6 rats
97 creatures vanquished.

Notes
Turn   | Place    | Note
-------+----------+-------------------------------------------
     0 | D:1      | cbfl8 the Minotaur Fighter began the quest for the Orb.
     0 | D:1      | Reached XP level 1. HP: 19/19 MP: 0/0
   134 | D:1      | You fall into a shaft and drop 1 floor!
   200 | D:2      | Reached XP level 2. HP: 24/27 MP: 1/1
  1031 | D:1      | Reached XP level 3. HP: 33/33 MP: 2/2
  1486 | D:2      | Reached skill level 1 in Evocations
  1487 | D:2      | Reached skill level 3 in Axes
  1787 | D:3      | Reached XP level 4. HP: 40/40 MP: 3/3
  2677 | D:4      | Found an ancient bone altar of Kikubaaqudgha.
  2678 | D:4      | Found a sacrificial altar of Ru.
  2679 | D:4      | Found a shadowy altar of Dithmenos.
  2680 | D:4      | Found an opulent altar of Gozag.
  2687 | D:4      | Noticed a kobold brigand
  2697 | D:4      | Killed a kobold brigand
  2698 | D:4      | Reached skill level 4 in Axes
  2698 | D:4      | Reached XP level 5. HP: 27/47 MP: 4/4
  2850 | D:4      | Found a staircase to the Ecumenical Temple.
  2991 | Temple   | Entered the Ecumenical Temple
  3036 | Temple   | Became a worshipper of Hepliaklqana the Forgotten
  3854 | D:4      | Found Miqeiked's Book Boutique.
  4054 | D:5      | Entered Level 5 of the Dungeon
  4054 | D:5      | Found a stormy altar of Qazlal.
  4058 | D:5      | Reached skill level 5 in Axes
  4066 | D:5      | Reached XP level 6. HP: 45/53 MP: 5/5
  4118 | D:5      | Noticed Edmund
  4132 | D:5      | Killed Edmund
  4133 | D:5      | Reached skill level 5 in Armour
  4698 | D:5      | Reached * piety under Hepliaklqana
  4738 | D:5      | Reached skill level 6 in Axes
  4983 | D:5      | Reached XP level 7. HP: 48/54 MP: 6/6
  5213 | D:5      | Reached skill level 5 in Fighting
  5213 | D:5      | Reached skill level 7 in Axes
  5680 | D:5      | Engulfed by a cloud of flame

Illustrated notes

Levels and vault maps discovered:
D:1:      kennysheep_arrival_seaside, layout_rooms
D:2:      minmay_spotlight, layout_basic, nicolae_figureground_sparkle
D:3:      layout_loops_ring
D:4:      layout_layer_cave, chequers_temple_overflow_statue_of_worship,
          minmay_temple_entry_offerings, serial_shops, shop
D:5:      layout_loops_corners, nicolae_qazlal_scattered_showers,
          lemuel_flamethrower_2, uniq_edmund
Temple:   eino_temple_rhombus

Skill      XL: |  1  2  3  4  5  6  7 |
---------------+----------------------+-----
Shields        | 4 |  4.6
Armour         | 4 5 |  5.9
Fighting       | 4 5 |  5.0
Evocations     | 1 2 3 |  3.1
Axes           | 3 4 5 6 7 |  7.1

Action                   |  1- 3 |  4- 6 |  7- 9 || total
-------------------------+-------+-------+-------++-------
Melee: War axe           |    74 |    94 |    29 ||   197
       Headbutt          |    10 |    19 |     4 ||    33
Invok: Ancestor Identity |       |       |     1 ||     1
Evoke: Wand              |       |     2 |       ||     2
Armor: Scale mail        |    31 |    23 |    16 ||    70
Dodge: Dodged            |    39 |    41 |    16 ||    96
Block: Buckler           |    14 |    20 |     8 ||    42
